NCAA
STANFORD CARDINAL @ IOWA STATE CYCLONES
04/30/2023
 
TOP OF THE 1ST
Stanford Cardinal batting - Pitching for Iowa State Cyclones : RHP Ronald Cotton
Pitching: RHP Ronald Cotton
Batting: SHB Dave Henley 0-0: Ball
1-0: Swinging Strike
1-1: Called Strike
1-2: Ball
2-2: Ball
3-2: Foul Ball, location: 2F
3-2: Fly out, F8 (Flyball, 8LD)
Batting: SHB Pedro Contreras 0-0: Foul Ball, location: 2F
0-1: Foul Ball, location: 2F
0-2: Strikes out swinging
Batting: RHB Dave Roberts 0-0: Foul Ball, location: 2F
0-1: Ball
1-1: Swinging Strike
1-2: Foul Ball, location: 2F
1-2: Foul Ball, location: 2F
1-2: Strikes out swinging
Top of the 1st over - 0 run(s), 0 hit(s), 0 error(s), 0 left on base; Stanford 0 - Iowa State 0
BOTTOM OF THE 1ST
Iowa State Cyclones batting - Pitching for Stanford Cardinal : RHP Wayne Williams
Pitching: RHP Wayne Williams
Batting: RHB Marvin Reynolds 0-0: Foul Ball, location: 2F
0-1: Fly out, F8 (Flyball, 8LM)
Batting: SHB Sean Taylor 0-0: Ball
1-0: Called Strike
1-1: Foul Ball, location: 2F
1-2: SINGLE (Groundball, 34D)
Batting: LHB Ramiro Muñóz 0-0: Called Strike
0-1: Ball
1-1: Fly out, F5 (Popup, 15S)
Batting: SHB Jon Emery 0-0: Foul Ball, location: 2F
0-1: Ground out 1-3 (Groundball, 15)
Bottom of the 1st over - 0 run(s), 1 hit(s), 0 error(s), 1 left on base; Stanford 0 - Iowa State 0
TOP OF THE 2ND
Stanford Cardinal batting - Pitching for Iowa State Cyclones : RHP Ronald Cotton
Batting: SHB Dave Saunders 0-0: Called Strike
0-1: Ball
1-1: Swinging Strike
1-2: Foul Ball, location: 2F
1-2: Ground out U3 (Groundball, 3)
Batting: LHB Alberto Roberts 0-0: Ball
1-0: Called Strike
1-1: Swinging Strike
1-2: Strikes out swinging
Batting: LHB António García 0-0: Called Strike
0-1: Called Strike
0-2: Strikes out swinging
Top of the 2nd over - 0 run(s), 0 hit(s), 0 error(s), 0 left on base; Stanford 0 - Iowa State 0
BOTTOM OF THE 2ND
Iowa State Cyclones batting - Pitching for Stanford Cardinal : RHP Wayne Williams
Batting: LHB Jerry Trent 0-0: Called Strike
0-1: Ball
1-1: Ball
2-1: SINGLE (Groundball, 5D)
Batting: LHB Sean White 0-0: Called Strike
0-1: Foul Ball, location: 2F
0-2: Ball
1-2: SINGLE (Line Drive, 34)
Jerry Trent to second
Batting: RHB Tom Cline 0-0: Ball
1-0: SINGLE (Groundball, 56)
Jerry Trent to third
Sean White to second
Batting: RHB Michael Godfrey 0-0: Called Strike
0-1: Foul Ball, location: 2F
0-2: GRAND SLAM HOME RUN (Line Drive, 7D), Distance : 372 ft
Batting: SHB Rickey Gray 0-0: Ball
1-0: Ball
2-0: Ground out U3 (Groundball, 3)
Batting: RHB Marvin Reynolds 0-0: Ball
1-0: Foul Ball, location: 2F
1-1: SINGLE (Groundball, 56D)
Batting: SHB Sean Taylor 0-0: Called Strike
0-1: 2-RUN HOME RUN (Flyball, 9D), Distance : 368 ft
Batting: LHB Ramiro Muñóz 0-0: Foul Ball, location: 2F
0-1: Ball
1-1: Called Strike
1-2: Ball
2-2: Foul Ball, location: 2F
2-2: Foul Ball, location: 2F
2-2: Ball
3-2: Base on Balls
Batting: SHB Jon Emery 0-0: Called Strike
0-1: Called Strike
0-2: Ball
1-2: Foul Ball, location: 2F
1-2: Strikes out swinging
Batting: LHB Jerry Trent 0-0: Ball
1-0: Ball
2-0: SINGLE (Line Drive, 34D)
Ramiro Muñóz to second
Runner from 2nd tries for 3rd, SAFE, throw made to third
Batting: LHB Sean White 0-0: Ball
1-0: Swinging Strike
1-1: Foul Ball, location: 2F
1-2: Ball
2-2: Fly out, F8 (Flyball, 8LXD)
Bottom of the 2nd over - 6 run(s), 7 hit(s), 0 error(s), 2 left on base; Stanford 0 - Iowa State 6
TOP OF THE 3RD
Stanford Cardinal batting - Pitching for Iowa State Cyclones : RHP Ronald Cotton
Batting: SHB Barney Hudson 0-0: Foul Ball, location: 2F
0-1: Ball
1-1: Foul Ball, location: 2F
1-2: Foul Ball, location: 2F
1-2: Strikes out swinging
Batting: RHB Bill Hansen 0-0: Ball
1-0: Foul Ball, location: 2F
1-1: Called Strike
1-2: Strikes out swinging
Batting: LHB Caleb Hall 0-0: Ball
1-0: Ball
2-0: Ball
3-0: Base on Balls
Batting: SHB Dave Henley 0-0: Called Strike
0-1: Ball
1-1: Swinging Strike
1-2: Foul Ball, location: 2F
1-2: Strikes out swinging
Top of the 3rd over - 0 run(s), 0 hit(s), 0 error(s), 1 left on base; Stanford 0 - Iowa State 6
BOTTOM OF THE 3RD
Iowa State Cyclones batting - Pitching for Stanford Cardinal : RHP Wayne Williams
Batting: RHB Tom Cline 0-0: Ball
1-0: Ground out 4-3 (Groundball, 4)
Batting: RHB Michael Godfrey 0-0: Called Strike
0-1: Swinging Strike
0-2: Ball
1-2: Ball
2-2: Ball
3-2: Foul Ball, location: 2F
3-2: Foul Ball, location: 2F
3-2: SINGLE (Flyball, 89S)
Batting: SHB Rickey Gray 0-0: Ball
1-0: Swinging Strike
1-1: SINGLE (Groundball, 4M)
Michael Godfrey to second
Batting: RHB Marvin Reynolds 0-0: Grounds into double play, 6-4-3 (Groundball, 6)
Bottom of the 3rd over - 0 run(s), 2 hit(s), 0 error(s), 1 left on base; Stanford 0 - Iowa State 6
TOP OF THE 4TH
Stanford Cardinal batting - Pitching for Iowa State Cyclones : RHP Ronald Cotton
Batting: SHB Pedro Contreras 0-0: Ball
1-0: Ball
2-0: Ball
3-0: Base on Balls
Batting: RHB Dave Roberts 0-0: Ball
1-0: Ball
2-0: Ball
3-0: Called Strike
3-1: Base on Balls
Pedro Contreras to second
Batting: SHB Dave Saunders 0-0: Called Strike
0-1: Ball
1-1: Ball
2-1: Foul Ball, location: 2F
2-2: Strikes out swinging
Batting: LHB Alberto Roberts 0-0: Grounds into double play, 4-6-3 (Groundball, 34)
Top of the 4th over - 0 run(s), 0 hit(s), 0 error(s), 1 left on base; Stanford 0 - Iowa State 6
BOTTOM OF THE 4TH
Iowa State Cyclones batting - Pitching for Stanford Cardinal : RHP Wayne Williams
Batting: SHB Sean Taylor 0-0: Foul Ball, location: 2F
0-1: Swinging Strike
0-2: Foul Ball, location: 2F
0-2: Ball
1-2: Ball
2-2: Strikes out swinging
Batting: LHB Ramiro Muñóz 0-0: Called Strike
0-1: Ball
1-1: Foul Ball, location: 2F
1-2: Strikes out looking
Batting: SHB Jon Emery 0-0: Ball
1-0: Ball
2-0: Called Strike
2-1: Ball
3-1: Base on Balls
Pitching: RHP Earl Garza
Batting: LHB Jerry Trent 0-0: Called Strike
0-1: SINGLE (Groundball, 4MD)
Jon Emery to second
Batting: LHB Sean White 0-0: Ball
1-0: Ball
2-0: Called Strike
2-1: Ball
3-1: Called Strike
3-2: Base on Balls
Jon Emery to third
Jerry Trent to second
Batting: RHB Tom Cline 0-0: Foul Ball, location: 2F
0-1: Swinging Strike
0-2: Strikes out swinging
Bottom of the 4th over - 0 run(s), 1 hit(s), 0 error(s), 3 left on base; Stanford 0 - Iowa State 6
TOP OF THE 5TH
Stanford Cardinal batting - Pitching for Iowa State Cyclones : RHP Ronald Cotton
Batting: LHB António García 0-0: Called Strike
0-1: Ball
1-1: Swinging Strike
1-2: Foul Ball, location: 2F
1-2: Ball
2-2: Ball
3-2: Strikes out swinging
Batting: SHB Barney Hudson 0-0: Ball
1-0: Ball
2-0: Ball
3-0: Called Strike
3-1: Foul Ball, location: 2F
3-2: Base on Balls
Batting: RHB Bill Hansen 0-0: Foul Ball, location: 2F
0-1: Ball
1-1: Foul Ball, location: 2F
1-2: Ball
2-2: Strikes out looking
Batting: LHB Caleb Hall 0-0: Ground out 6-3 (Groundball, 6)
Top of the 5th over - 0 run(s), 0 hit(s), 0 error(s), 1 left on base; Stanford 0 - Iowa State 6
BOTTOM OF THE 5TH
Iowa State Cyclones batting - Pitching for Stanford Cardinal : RHP Earl Garza
Batting: RHB Michael Godfrey 0-0: Fly out, F7 (Flyball, 7M)
Batting: SHB Rickey Gray 0-0: SINGLE (Flyball, 89S)
Batting: RHB Marvin Reynolds 0-0: Swinging Strike
0-1: Grounds into double play, 5-4-3 (Groundball, 56)
Bottom of the 5th over - 0 run(s), 1 hit(s), 0 error(s), 0 left on base; Stanford 0 - Iowa State 6
TOP OF THE 6TH
Stanford Cardinal batting - Pitching for Iowa State Cyclones : RHP Ronald Cotton
Batting: SHB Dave Henley 0-0: Reached on error, E1 (Groundball, 15)
Batting: SHB Pedro Contreras 0-0: Called Strike
0-1: Fly out, F4 (Popup, 34)
Batting: RHB Dave Roberts 0-0: Ball
1-0: Ground out 6-3 (Groundball, 6M)
Dave Henley to third
Batting: SHB Dave Saunders 0-0: Ground out 6-3 (Groundball, 6)
Top of the 6th over - 0 run(s), 0 hit(s), 1 error(s), 1 left on base; Stanford 0 - Iowa State 6
BOTTOM OF THE 6TH
Iowa State Cyclones batting - Pitching for Stanford Cardinal : RHP Earl Garza
Batting: SHB Sean Taylor 0-0: Foul Ball, location: 2F
0-1: Called Strike
0-2: Ball
1-2: Ball
2-2: Ball
3-2: Foul Ball, location: 2F
3-2: Base on Balls
Batting: LHB Ramiro Muñóz 0-0: Foul Ball, location: 2F
0-1: Called Strike
0-2: Foul Ball, location: 2F
0-2: Strikes out swinging
Batting: SHB Jon Emery 0-0: Called Strike
0-1: Called Strike
0-2: Foul Ball, location: 2F
0-2: Strikes out looking
Batting: LHB Jerry Trent 0-0: Ball
1-0: Swinging Strike
1-1: Swinging Strike
1-2: Ball
2-2: Ball
Wild Pitch!
Sean Taylor to second
3-2: Strikes out swinging
Bottom of the 6th over - 0 run(s), 0 hit(s), 0 error(s), 1 left on base; Stanford 0 - Iowa State 6
TOP OF THE 7TH
Stanford Cardinal batting - Pitching for Iowa State Cyclones : RHP Ronald Cotton
Batting: LHB Alberto Roberts 0-0: Called Strike
0-1: Ball
1-1: Called Strike
1-2: Foul Ball, location: 2F
1-2: Strikes out swinging
Batting: LHB António García 0-0: Ball
1-0: Ball
2-0: Called Strike
2-1: Swinging Strike
2-2: Strikes out swinging
Batting: SHB Barney Hudson 0-0: Called Strike
0-1: Foul Ball, location: 2F
0-2: Strikes out swinging
Top of the 7th over - 0 run(s), 0 hit(s), 0 error(s), 0 left on base; Stanford 0 - Iowa State 6
BOTTOM OF THE 7TH
Iowa State Cyclones batting - Pitching for Stanford Cardinal : RHP Earl Garza
Pitching: RHP Mike Pike
Batting: LHB Sean White 0-0: Called Strike
0-1: Ball
1-1: Foul Ball, location: 2F
1-2: Foul Ball, location: 2F
1-2: SINGLE (Line Drive, 89M)
Batting: RHB Tom Cline 0-0: Ball
1-0: Ball
2-0: Fielders Choice at 2nd, 6-4 (Groundball, 6)
Batting: RHB Michael Godfrey 0-0: Ball
1-0: Ball
2-0: Ball
3-0: Called Strike
3-1: Base on Balls
Tom Cline to second
Batting: SHB Rickey Gray 0-0: Called Strike
0-1: SINGLE (Groundball, 6MD)
Tom Cline to third
Michael Godfrey to second
Runner from 3rd tries for Home, throw and OUT!
Michael Godfrey to third
Rickey Gray to second
Batting: RHB Marvin Reynolds 0-0: Ball
1-0: Called Strike
1-1: Foul Ball, location: 2F
1-2: Ball
Wild Pitch!
Michael Godfrey scores
Rickey Gray to third
2-2: Strikes out swinging
Bottom of the 7th over - 1 run(s), 2 hit(s), 0 error(s), 1 left on base; Stanford 0 - Iowa State 7
TOP OF THE 8TH
Stanford Cardinal batting - Pitching for Iowa State Cyclones : RHP Ronald Cotton
Now at C: Luke Cater
Batting: RHB Bill Hansen 0-0: Called Strike
0-1: Ball
1-1: Called Strike
1-2: Foul Ball, location: 2F
1-2: Strikes out looking
Batting: LHB Caleb Hall 0-0: Ball
1-0: Foul Ball, location: 2F
1-1: Called Strike
1-2: Ball
2-2: Foul Ball, location: 2F
2-2: Fly out, F7 (Flyball, 78M)
Batting: SHB Dave Henley 0-0: Foul Ball, location: 2F
0-1: Ball
1-1: SINGLE (Groundball, 56D) (infield hit)
Pitching: RHP Harvey McFarland
Batting: SHB Pedro Contreras 0-0: Ball
1-0: Fly out, F8 (Flyball, 8LM)
Top of the 8th over - 0 run(s), 1 hit(s), 0 error(s), 1 left on base; Stanford 0 - Iowa State 7
BOTTOM OF THE 8TH
Iowa State Cyclones batting - Pitching for Stanford Cardinal : RHP Mike Pike
Batting: SHB Sean Taylor 0-0: Foul Ball, location: 2F
0-1: Ball
1-1: Ball
2-1: Called Strike
2-2: Ground out U3 (Groundball, 3)
Batting: LHB Ramiro Muñóz 0-0: Ball
1-0: Called Strike
1-1: Called Strike
1-2: Ground out 4-3 (Groundball, 4)
Batting: SHB Jon Emery 0-0: Swinging Strike
0-1: Fly out, F3 (Popup, 3S)
Bottom of the 8th over - 0 run(s), 0 hit(s), 0 error(s), 0 left on base; Stanford 0 - Iowa State 7
TOP OF THE 9TH
Stanford Cardinal batting - Pitching for Iowa State Cyclones : RHP Harvey McFarland
Batting: RHB Dave Roberts 0-0: Called Strike
0-1: Ball
1-1: Ball
2-1: SINGLE (Line Drive, 8LS)
Batting: SHB Dave Saunders 0-0: Called Strike
0-1: Ball
1-1: Swinging Strike
1-2: Ball
2-2: Strikes out swinging
Batting: LHB Alberto Roberts 0-0: Ball
1-0: Swinging Strike
1-1: Ball
2-1: Fly out, F7 (Flyball, 78M)
Batting: LHB António García 0-0: Foul Ball, location: 2F
0-1: Ball
1-1: Ball
2-1: Foul Ball, location: 2F
2-2: Fly out, F9 (Flyball, 89S)
Top of the 9th over - 0 run(s), 1 hit(s), 0 error(s), 1 left on base; Stanford 0 - Iowa State 7
This league is powered by Out of the Park Baseball, the baseball management simulation game for PC, Mac and Linux
Wednesday, December 2nd, 2015 - OOTP Baseball 16.8 Build 38